AoeStats
← CmonBruh

Nomad

507668083Analyzed
4v4 RM · 12d ago on Sep 19, 2026· 46m 14s· 8 players
Game mode
Random Map
Map size
231×231
Population
200
Speed
Normal
Resources
Standard
Victory
Conquest
Starting age
Dark Age
Ending age
Imperial Age
RankedLock teamsTeams togetherTeam positionsShared explorationLock speedFull tech treeHidden civsTurbo modeCheats
Victory
Defeat
🇨🇳 Bohemians · China
1479
+11
🇹🇼 Lithuanians · Taiwan
1457
+11
🇫🇷 Italians · France
1406
+13
🇹🇼 Burgundians · Taiwan
1387
+14
🇦🇷 Vietnamese · Argentina
1451
-15
🇳🇴 Berbers · Norway
1414
-14
🇺🇸 Koreans · United States
1388
-14
🇨🇱 Spanish · Chile
1157
-6
FxSquale
3:05 Loom
12:19 Feudal Age
16:16 Castle Age
21:23 Wheelbarrow
22:56 Double-Bit Axe
24:33 Fletching
26:32 Horse Collar
29:50 Bodkin Arrow
32:45 Ballistics
33:12 Bow Saw
35:01 Hand Cart
39:25 Imperial Age
37:40 Silk Road
37:26 Heavy Plow
38:14 Padded Archer Armor
38:36 Town Watch
39:00 Gold Mining
41:14 Chemistry
40:10 Stone Mining
41:34 Two-Man Saw
40:59 Conscription
40:43 Bracer
41:57 Elite Genoese Crossbowman
44:59 Scale Barding Armor
45:05 Forging
45:36 Bloodlines
45:27 Husbandry
46:02 Chain Barding Armor
45:45 Light Cavalry
yenyang
7:42 Loom
12:31 Feudal Age
19:13 Castle Age
17:22 Fishing Lines
17:45 Double-Bit Axe
20:34 Medium Warships
20:29 Gillnets
22:23 Bow Saw
25:13 Wheelbarrow
25:25 Town Watch
25:40 Pikeman
28:10 Forging
28:30 Scale Mail Armor
28:50 Hand Cart
31:01 Horse Collar
32:08 Heavy Plow
37:42 Imperial Age
35:29 Fletching
35:39 Padded Archer Armor
36:19 Bodkin Arrow
36:46 Ballistics
38:17 Leather Archer Armor
38:29 Bracer
37:53 Elite Skirmisher
38:39 Thumb Ring
38:53 Squires
40:09 Chemistry
39:27 Chain Mail Armor
39:43 Tower Shields
39:46 Gold Mining
39:49 Stone Mining
40:08 Halberdier
41:36 Conscription
42:34 Ring Archer Armor
42:40 Iron Casting
45:23 Two-Man Saw
44:15 Arson
45:54 Scale Barding Armor
江哥
5:22 Loom
13:19 Feudal Age
18:13 Castle Age
16:51 Double-Bit Axe
16:50 Fishing Lines
24:55 Fervor
24:30 Horse Collar
25:06 Bow Saw
26:46 Sanctity
35:56 Imperial Age
34:02 Wheelbarrow
33:13 Town Watch
35:21 Chemistry
34:34 Scale Mail Armor
34:50 Pikeman
35:31 Squires
35:52 Chain Mail Armor
35:57 Heavy Plow
37:04 Conscription
36:08 Halberdier
37:54 Ballistics
38:47 Plate Mail Armor
38:28 Forging
39:46 Hand Cart
41:16 Iron Casting
41:01 Elite Hussite Wagon
41:49 Wagenburg Tactics
43:47 Blast Furnace
44:58 Houfnice
46:22 Fletching
46:14 Treadmill Crane
CmonBruh
10:13 Loom
13:01 Feudal Age
15:16 Wheelbarrow
16:16 Double-Bit Axe
17:16 Wheelbarrow
16:25 Horse Collar
17:36 Fletching
19:21 Bow Saw
26:54 Castle Age
26:00 Stone Mining
26:01 Gold Mining
26:48 Padded Archer Armor
27:17 Hand Cart
27:15 Elite Skirmisher
27:52 Bodkin Arrow
30:36 Hand Cart
32:25 Fishing Lines
39:47 Scale Barding Armor
39:53 Forging
40:09 Light Cavalry
40:57 Husbandry
43:30 Chain Barding Armor
DC-Jota
3:38 Loom
13:02 Feudal Age
18:22 Castle Age
23:03 Town Watch
27:10 Stone Mining
28:36 Double-Bit Axe
31:37 Horse Collar
33:29 Fletching
39:18 Imperial Age
37:49 Wheelbarrow
38:06 Bodkin Arrow
39:17 Bow Saw
39:39 Heavy Plow
41:17 Chemistry
40:38 Ballistics
39:45 Elite Skirmisher
41:10 Bracer
41:23 Gold Mining
42:08 Conscription
41:19 Imperial Skirmisher
42:30 Scale Mail Armor
42:40 Forging
43:01 Forging
44:36 Pikeman
46:31 Iron Casting
46:11 Chain Mail Armor
PNAL | Machete
5:09 Loom
14:04 Feudal Age
17:51 Castle Age
15:41 Double-Bit Axe
15:55 Gold Mining
18:54 Bow Saw
19:07 Medium Warships
21:54 Fishing Lines
23:42 Gold Shaft Mining
28:06 Town Watch
29:22 Forging
32:15 Redemption
32:09 Gillnets
33:58 Wheelbarrow
34:25 Scale Barding Armor
38:05 Imperial Age
36:42 Bloodlines
36:32 Husbandry
38:40 Chain Barding Armor
39:17 Iron Casting
38:16 Cavalier
39:19 Horse Collar
45:15 Conscription
45:02 Kasbah
PNAL | ale_petro
5:06 Loom
13:42 Feudal Age
16:58 Double-Bit Axe
20:30 Bloodlines
25:13 Castle Age
23:25 Forging
23:21 Scale Barding Armor
31:36 Horse Collar
36:24 Wheelbarrow
39:36 Imperial Age
38:03 Heavy Plow
38:14 Bow Saw
39:01 Husbandry
39:23 Chain Barding Armor
42:20 Elite Battle Elephant
45:00 Plate Barding Armor
45:01 Iron Casting
SAIBOT
12:50 Loom
14:43 Feudal Age
24:48 Castle Age
23:59 Double-Bit Axe
25:58 Fletching
34:26 Horse Collar
38:11 Bow Saw
38:03 Heavy Plow
41:16 Scale Barding Armor
41:24 Forging
42:00 Husbandry
42:10 Bloodlines
Connection lost

Rejoining the realm…

Still unreachable

The connection could not be restored.

Session expired

The server has moved on; the page needs a fresh start.